[Event "Team 45 45 League T49"]
[Site "Internet Chess Club"]
[Date "2011.06.13"]
[Round "5"]
[White "parrot9"]
[Black "room-matt"]
[Result "0-1"]
[WhiteElo "1568"]
[BlackElo "1688"]
[Opening "Scotch: Steinitz variation"]
[ECO "C45"]
[Time "14:20:18"]
[TimeControl "2700+45"]

1. e4 e5 2. Nf3 Nc6 3. d4 exd4 4. Nxd4 Qh4 5. Nc3 Bb4 6. Nb5 Ba5 7. g3 Qxe4+ 8.
Qe2 Qxe2+ 9. Bxe2 Nf6 10. Bd2 O-O 11. O-O-O d6 12. Bf3 a6 13. Na3 Bg4 14. Bxg4
Nxg4 15. Rdf1 b5 16. Nd5 Bxd2+ 17. Kxd2 Rac8 18. h3 Nf6 19. Nxf6+ gxf6 20. c3
Rce8 21. Nc2 Re5 22. Ne3 Rfe8 23. Ng4 Re2+ 24. Kd1 Kg7 25. Re1 Rxb2 26. Rxe8
Rb1+ 27. Kc2 Rxh1 28. Rc8 Rxh3 29. Rxc7 Ne5 30. Nxe5 fxe5 31. Kd3 Kf6 32. Rc6
Ke6 33. Rxa6 f5 34. Rb6 f4 35. Rxb5 fxg3 36. fxg3 Rxg3+ 37. Kc4 h5 38. a4 h4 39.
a5 h3 40. Rb8 d5+ 41. Kb4 h2 42. Rh8 Rg2 43. a6 Ra2 44. Kb5 e4 45. Kb6 e3 46. a7
e2 47. Rxh2 e1=Q 48. Rxa2 Qb1+ 49. Kc7 Qxa2 50. Kb8 Qb3+ 51. Kc7 Qxc3+ 52. Kb8
Qa3 {White resigns} 0-1

[Event "Team 45 45 League T49"]
[Site "Internet Chess Club"]
[Date "2011.06.13"]
[Round "5"]
[White "badmove"]
[Black "Invicta-Knight"]
[Result "1-0"]
[WhiteElo "1766"]
[BlackElo "1477"]
[Opening "Trompowsky attack (Ruth, Opocenský opening)"]
[ECO "A45"]
[Time "15:50:57"]
[TimeControl "2700+45"]

1. d4 Nf6 2. Bg5 c5 3. Bxf6 gxf6 4. d5 d6 5. g3 Bg7 6. c3 Qb6 7. Qc1 Nd7 8. Nf3
Ne5 9. Nbd2 Bg4 10. Bg2 Bh6 11. Qc2 e6 12. dxe6 fxe6 13. Nxe5 fxe5 14. Qa4+ Ke7
15. Qxg4 {Black resigns} 1-0

[Event "Team 45 45 League T49"]
[Site "Internet Chess Club"]
[Date "2011.06.12"]
[Round "5"]
[White "ElmerHo"]
[Black "MateIn42"]
[Result "1-0"]
[WhiteElo "1587"]
[BlackElo "1391"]
[Opening "Ruy Lopez: closed, 7...O-O"]
[ECO "C88"]
[Time "22:00:24"]
[TimeControl "2700+45"]

1. e4 e5 2. Nf3 Nc6 3. Bb5 a6 4. Ba4 Nf6 5. O-O b5 6. Bb3 Be7 7. Re1 O-O 8. h3
d5 9. exd5 Nxd5 10. Nxe5 Nxe5 11. Rxe5 Bb7 12. d3 Bf6 13. Re1 Re8 14. Nd2 Nf4
15. Rxe8+ Qxe8 16. Ne4 Be5 17. Bxf4 Bxf4 18. Qg4 Bxe4 19. Qxf4 Bg6 20. Qxc7 Rc8
21. Qb6 Rc6 22. Qe3 Qc8 23. Re1 Kf8 24. Qe7+ {Black resigns} 1-0

[Event "Team 45 45 League T49"]
[Site "Internet Chess Club"]
[Date "2011.06.12"]
[Round "5"]
[White "mrmarck"]
[Black "The-Capitalist"]
[Result "1-0"]
[WhiteElo "1266"]
[BlackElo "1339"]
[Opening "QGD Slav: 4.e3"]
[ECO "D11"]
[Time "14:30:21"]
[TimeControl "2700+45"]

1. d4 d5 2. c4 c6 3. Nf3 Nf6 4. e3 e6 5. Be2 Nbd7 6. O-O Bd6 7. Nbd2 O-O 8. a3
Ne4 9. Qc2 Nxd2 10. Bxd2 Nf6 11. b4 Ne4 12. cxd5 Nxd2 13. Qxd2 exd5 14. b5 Bg4
15. a4 Bxf3 16. Bxf3 Qh4 17. g3 Qf6 18. Bg2 Rfe8 19. Rac1 Rac8 20. Rc2 Qe6 21.
Rfc1 cxb5 22. axb5 b6 23. Rxc8 Rxc8 24. Rxc8+ Qxc8 25. Bxd5 Kf8 26. Qa2 Qf5 27.
Bc6 Bb8 28. d5 Ke7 29. Qa3+ Bd6 30. Qxa7+ Kf6 31. Qd7 Qxd7 32. Bxd7 Ke7 33. Bc6
Kd8 34. Kg2 Kc7 35. Kf3 f5 36. e4 fxe4+ 37. Kxe4 g5 38. Kf5 h6 39. Kg6 Bf8 40.
f3 Kd6 41. Kf7 Be7 42. f4 gxf4 43. gxf4 Bh4 44. Kg6 h5 45. f5 Ke5 46. Kxh5 Bf6
47. Kg4 Kd6 48. h4 Ke5 49. h5 Kd6 50. h6 Ke5 51. h7 Kd6 52. Kh5 Ke5 53. Kg6 Bh8
54. Kf7 Kxf5 55. d6 Bf6 56. d7 {Black resigns} 1-0

[Event "Team 45 45 League T49"]
[Site "Internet Chess Club"]
[Date "2011.06.11"]
[Round "5"]
[White "kingsrook"]
[Black "BosqueVerde"]
[Result "1-0"]
[WhiteElo "1305"]
[BlackElo "1224"]
[Opening "Queen's pawn game, Krause variation"]
[ECO "D02"]
[Time "20:00:06"]
[TimeControl "2700+45"]

1. d4 d5 2. Nf3 c5 3. e3 Nc6 4. c3 Bg4 5. Bd3 Nf6 6. Nbd2 e6 7. O-O Bd6 8. Re1
O-O 9. Qc2 Qc7 10. e4 dxe4 11. Bxe4 Nxe4 12. Qxe4 Bf5 13. Qe2 Bg4 14. Qe4 Bf5
15. Qe2 Rfe8 16. h3 Rad8 17. Ne4 Bxe4 18. Qxe4 f5 19. Qe2 b5 20. Qxb5 cxd4 21.
Qc4 Qd7 22. Nxd4 Nxd4 23. Qxd4 Qf7 24. Be3 Bh2+ 25. Kxh2 Rxd4 26. Bxd4 Qb7 27.
b4 g5 28. Re5 Qc7 29. Kg1 Kf7 30. Rc5 Qf4 31. Be3 Qh4 32. Rd1 f4 33. Rc7+ Re7
34. Rxe7+ Kxe7 35. Bxa7 Qh5 36. f3 Qg6 37. Bc5+ Kf7 38. Rd7+ Kf6 39. Bd4+ Kf5
40. b5 h5 41. b6 e5 42. Bc5 Qe8 43. Ra7 Qc6 44. Rc7 Qb5 45. b7 Qb1+ 46. Kh2 e4
47. fxe4+ Kxe4 48. Ba7 f3 49. Re7+ Kd3 50. b8=Q Qxb8+ 51. Bxb8 f2 52. Rf7 Ke2
53. a4 f1=Q 54. Rxf1 Kxf1 55. a5 Kf2 56. a6 h4 57. a7 g4 58. a8=Q g3+ 59. Kh1
{Black resigns} 1-0

[Event "Team 45 45 League T49"]
[Site "Internet Chess Club"]
[Date "2011.06.12"]
[Round "5"]
[White "Traho"]
[Black "KidRattler"]
[Result "0-1"]
[WhiteElo "1162"]
[BlackElo "1201"]
[Opening "Scotch game"]
[ECO "C45"]
[Time "15:00:18"]
[TimeControl "2700+45"]

1. e4 e5 2. Nf3 Nc6 3. d4 exd4 4. Nxd4 Bc5 5. Be3 Nxd4 6. Bxd4 Bxd4 7. Qxd4 Qf6
8. Qxf6 Nxf6 9. Nc3 O-O 10. Bd3 Re8 11. O-O c6 12. Rfe1 d5 13. e5 Nd7 14. f4 Nb6
15. b3 g6 16. h3 h5 17. h4 Bg4 18. Nd1 Re7 19. Nf2 Bd7 20. Re2 Kg7 21. Rae1 Rae8
22. Nh3 Bxh3 23. gxh3 Nd7 24. c4 d4 25. c5 Nxc5 26. Bc4 b5 27. Bxf7 Rxf7 28. Rf2
Nd3 29. e6 Rfe7 30. f5 Nxf2 31. Kxf2 Rf8 32. Re5 Rxf5+ 33. Rxf5 gxf5 {White
resigns} 0-1

[Event "Team 45 45 League T49"]
[Site "Internet Chess Club"]
[Date "2011.06.11"]
[Round "5"]
[White "kjs110"]
[Black "WannaB"]
[Result "0-1"]
[WhiteElo "1032"]
[BlackElo "1116"]
[Opening "Sicilian: Hungarian variation"]
[ECO "B27"]
[Time "21:00:28"]
[TimeControl "2700+45"]

1. e4 c5 2. Nf3 g6 3. Bc4 e6 4. O-O Bg7 5. d3 d6 6. Bf4 Bxb2 7. Bb5+ Bd7 8. Bc4
Bxa1 9. c3 Nf6 10. Qc1 O-O 11. Nbd2 Bxc3 12. Qxc3 d5 13. exd5 exd5 14. Bb3 Be6
15. Qxc5 Na6 16. Qb5 Qb6 17. Qxb6 axb6 18. Rb1 Nc5 19. Bc2 Rxa2 20. Bd1 Nxd3 21.
Rxb6 Nxf4 22. Bb3 Ra1+ 23. Nf1 Ne2+ 24. Kh1 Rxf1+ 25. Ng1 Rxf2 26. Rxb7 Nxg1 27.
Kxg1 Rb2 28. g3 Ne4 29. Kf1 Nd2+ 30. Ke1 Nf3+ 31. Kd1 Nxh2 32. Kc1 Rg2 33. Bc2
Rxg3 34. Kb2 Nf3 35. Kc3 Ne5+ 36. Kd4 Nc6+ 37. Kc5 Na5 38. Rb5 Rc3+ 39. Kd4 Rxc2
40. Rxa5 h5 41. Kd3 Rg2 42. Ke3 g5 43. Ra1 h4 44. Rh1 g4 45. Rxh4 Rg3+ 46. Kf2
Rf3+ 47. Ke2 d4 48. Kd2 Bf5 49. Ke2 Re8+ 50. Kd2 d3 51. Kc3 Rd8 52. Kd2 Rh3 53.
Rxg4+ Bxg4 54. Kc3 d2+ 55. Kc2 d1=Q+ 56. Kb2 Rb8+ 57. Ka2 Rh2+ 58. Ka3 Qd6+ 59.
Ka4 Ra2# {White checkmated} 0-1

[Event "Team 45 45 League T49"]
[Site "Internet Chess Club"]
[Date "2011.06.10"]
[Round "5"]
[White "BrianWood"]
[Black "guyd52"]
[Result "1-0"]
[WhiteElo "1550"]
[BlackElo "1201"]
[Opening "QGD Slav/Grünfeld: Schlechter variation"]
[ECO "D15"]
[Time "21:00:43"]
[TimeControl "2700+45"]

1. d4 d5 2. c4 c6 3. Nf3 Nf6 4. Nc3 g6 5. Bf4 Nbd7 6. cxd5 cxd5 7. Qb3 e6 8. e3
a6 9. Bd3 Qb6 10. Qxb6 Nxb6 11. e4 Bb4 12. Be5 Bxc3+ 13. bxc3 Nbd7 14. exd5 Nxe5
15. dxe5 Nxd5 16. c4 Nb4 17. Be4 O-O 18. a3 Nc6 19. Bxc6 bxc6 20. O-O Bb7 21. c5
Rad8 22. Rfd1 Rd5 23. Rxd5 cxd5 24. Nd4 Rc8 25. Rc1 Bc6 26. f4 h5 27. Kf2 Bb5
28. Nxb5 axb5 29. c6 Kf8 30. Ke3 Ke8 31. Kd4 Kd8 32. Kc5 Kc7 33. Rb1 Ra8 34.
Rxb5 Rxa3 35. Rb7+ Kc8 36. Kd6 Ra6 37. Rxf7 Rxc6+ 38. Kxc6 Kd8 39. Rf6 d4 40.
Rxe6 d3 41. Rd6+ Ke7 42. Rxd3 Ke6 43. Rd6+ Kf5 44. Rf6+ Ke4 45. e6 Ke3 46. e7
Kf2 47. e8=Q Kxg2 48. Rxg6+ Kxh2 49. Qe2+ Kh3 50. Qxh5# {Black checkmated} 1-0

[Event "Team 45 45 League T49"]
[Site "Internet Chess Club"]
[Date "2011.06.18"]
[Round "5"]
[White "carolinaknight"]
[Black "sockmonkey"]
[Result "0-1"]
[WhiteElo "1216"]
[BlackElo "1109"]
[Opening "Caro-Kann: Tartakower (fantasy) variation"]
[ECO "B12"]
[Time "10:02:58"]
[TimeControl "2700+45"]

1. e4 c6 2. d4 d5 3. f3 e6 4. Nc3 Bb4 5. Bd2 Ne7 6. Nge2 Nd7 7. Ng3 c5 8. Bb5
cxd4 9. Nce2 Bxd2+ 10. Qxd2 Nc6 11. Nxd4 Nxd4 12. Qxd4 Qa5+ 13. Qc3 Qxb5 14.
Qxg7 Rf8 15. O-O-O dxe4 16. Nxe4 Qe5 17. Nd6+ Ke7 18. Qxh7 Nf6 19. Qh4 b6 20.
Rhe1 Qh5 21. Nxc8+ Raxc8 22. Qb4+ Qc5 23. Qb3 Qg5+ 24. Rd2 Rfd8 25. Qb4+ Qc5 26.
Qb3 Rxd2 27. Kxd2 Qf2+ 28. Re2 Rd8+ 29. Qd3 Rxd3+ 30. cxd3 Qc5 {White resigns}
0-1

[Event "Team 45 45 League T49"]
[Site "Internet Chess Club"]
[Date "2011.06.13"]
[Round "5"]
[White "tcianciola"]
[Black "wekabird"]
[Result "1-0"]
[WhiteElo "1194"]
[BlackElo "1115"]
[Opening "QGD Slav: 3.Nf3"]
[ECO "D11"]
[Time "20:00:38"]
[TimeControl "2700+45"]

1. d4 d5 2. c4 c6 3. Nf3 e6 4. g3 Nf6 5. Bg2 Be7 6. O-O O-O 7. Nc3 dxc4 8. e4
Nbd7 9. Re1 Rb8 10. Bf4 Ra8 11. b3 cxb3 12. axb3 Bb4 13. Qc2 Nb6 14. Ng5 h6 15.
e5 Nfd5 16. Qh7# {Black checkmated} 1-0

[Event "Team 45 45 League T49"]
[Site "Internet Chess Club"]
[Date "2011.06.12"]
[Round "5"]
[White "WilmaP"]
[Black "artspir"]
[Result "1-0"]
[WhiteElo "1208"]
[BlackElo "1118"]
[Opening "Ruy Lopez: Graz variation"]
[ECO "C70"]
[Time "15:00:43"]
[TimeControl "2700+45"]

1. e4 e5 2. Nf3 Nc6 3. Bb5 a6 4. Ba4 b5 5. Bb3 Bc5 6. O-O Nge7 7. a3 O-O 8. c3
d6 9. d4 exd4 10. cxd4 Bb6 11. d5 Na5 12. Bc2 Bg4 13. Nbd2 Qd7 14. Re1 Ng6 15.
Bd3 Nf4 16. Qc2 Qe7 17. b4 Bxf3 18. Nxf3 Nxd3 19. Qxd3 Nc4 20. Bg5 f6 21. Bh4
Nb2 22. Qc2 Nc4 23. a4 g5 24. Bg3 g4 25. Nh4 Bd4 26. Nf5 Bxf2+ 27. Qxf2 Qf7 28.
Nh6+ Kh8 29. Nxf7+ Rxf7 30. axb5 Rg8 31. bxa6 Nb6 32. Qf5 Rg5 33. Qe6 Kg7 34. a7
Kg6 35. a8=Q Nxa8 36. Rxa8 Rg7 37. Bh4 Re5 38. Qxf6+ Kh5 39. Qxg7 Kxh4 40. Qxh7+
Rh5 41. Qxc7 g3 42. hxg3+ Kg4 43. Rg8+ Rg5 44. Rxg5+ Kxg5 45. Qxd6 Kg4 46. Qf4+
Kh5 47. Rc1 Kg6 48. Rc6+ Kh7 49. Qf7+ {Black resigns} 1-0

[Event "Team 45 45 League T49"]
[Site "Internet Chess Club"]
[Date "2011.06.18"]
[Round "5"]
[White "ILRE"]
[Black "aphort0212"]
[Result "0-1"]
[WhiteElo "1647"]
[BlackElo "1665"]
[Opening "Ruy Lopez: Schliemann defense, Berger variation"]
[ECO "C63"]
[Time "19:08:56"]
[TimeControl "2700+45"]

1. e4 e5 2. Nf3 Nc6 3. Bb5 f5 4. Nc3 fxe4 5. Nxe4 d5 6. Ng3 Bg4 7. h3 Bxf3 8.
Qxf3 Nf6 9. O-O Bc5 10. d3 O-O 11. Bd2 Nd4 12. Qe3 Qe7 13. Ba4 Nxc2 14. Qg5 Nxa1
15. Rxa1 Bxf2+ 16. Kh1 Bxg3 17. Qxg3 Nh5 18. Qg4 Nf4 19. Bc2 Qc5 20. Bxf4 Rxf4
21. Qe6+ Kh8 22. Bb3 Qd6 23. Qxd5 Qxd5 24. Bxd5 c6 25. Be4 Rf2 26. b4 Raf8 27.
Kg1 Rb2 28. a4 Rxb4 {White resigns} 0-1

[Event "Team 45 45 League T49"]
[Site "Internet Chess Club"]
[Date "2011.06.13"]
[Round "5"]
[White "Chess2Play"]
[Black "BrandonBee"]
[Result "1-0"]
[WhiteElo "1616"]
[BlackElo "1528"]
[Opening "Dutch with c4 & Nc3"]
[ECO "A85"]
[Time "09:03:16"]
[TimeControl "2700+45"]

1. d4 f5 2. c4 Nf6 3. Nc3 g6 4. e3 Bg7 5. Bd3 O-O 6. Nf3 c6 7. O-O Na6 8. a3 Nc7
9. Re1 d6 10. e4 fxe4 11. Nxe4 Nxe4 12. Bxe4 Ne6 13. d5 Nc5 14. dxc6 Nxe4 15.
Qd5+ e6 16. cxb7 Bxb7 17. Qxb7 d5 18. cxd5 Qxd5 19. Qxd5 exd5 20. Rb1 Nc5 21.
Be3 Nb3 22. Red1 Rfd8 23. Rd3 Na5 24. Nd4 a6 25. Ne6 Rd7 26. Nxg7 Kxg7 27. Rc1
Nb7 28. Rcd1 {Black resigns} 1-0

[Event "Team 45 45 League T49"]
[Site "Internet Chess Club"]
[Date "2011.06.13"]
[Round "5"]
[White "Helaman"]
[Black "Oscar"]
[Result "1/2-1/2"]
[WhiteElo "1464"]
[BlackElo "1564"]
[Opening "King's Indian: 5.Nf3"]
[ECO "E90"]
[Time "16:00:09"]
[TimeControl "2700+45"]

1. d4 Nf6 2. c4 g6 3. Nc3 Bg7 4. e4 d6 5. Nf3 Nbd7 6. Bd3 c5 7. d5 O-O 8. Bg5
Ng4 9. h3 Nge5 10. Nxe5 Nxe5 11. O-O Re8 12. Be2 a6 13. Rc1 Nd7 14. Qd3 Qc7 15.
Bd2 Nb6 16. b3 Bd7 17. Nd1 a5 18. Bc3 {Game drawn by mutual agreement} 1/2-1/2

[Event "Team 45 45 League T49"]
[Site "Internet Chess Club"]
[Date "2011.06.12"]
[Round "5"]
[White "drsigmund1"]
[Black "houseofcook"]
[Result "1/2-1/2"]
[WhiteElo "1463"]
[BlackElo "1375"]
[Opening "French: Labourdonnais variation"]
[ECO "C00"]
[Time "13:30:18"]
[TimeControl "2700+45"]

1. e4 e6 2. f4 d5 3. e5 c5 4. c3 Nc6 5. Nf3 Qb6 6. d4 Nh6 7. Na3 cxd4 8. Nxd4
Bd7 9. Nac2 Be7 10. Bd3 O-O 11. g4 Bh4+ 12. Kd2 Bf2 13. Nxc6 bxc6 14. Rf1 Bc5
15. Ke1 f5 16. g5 Ng4 17. Qe2 Bg1 18. Nd4 Bxh2 19. Qf3 c5 20. Nc2 c4 21. Be2 Bg1
22. Qg2 Bc5 23. Bxg4 fxg4 24. Qxg4 g6 25. a4 a5 26. Qh3 Rf7 27. Ne3 Bxe3 28.
Qxe3 Qxe3+ 29. Bxe3 Rb8 30. Rf2 Rb3 {Game drawn by mutual agreement} 1/2-1/2

[Event "Team 45 45 League T49"]
[Site "Internet Chess Club"]
[Date "2011.06.15"]
[Round "5"]
[White "RD1974"]
[Black "heartbreakkid"]
[Result "1-0"]
[WhiteElo "1647"]
[BlackElo "1845"]
[Opening "Sicilian: closed, 2...Nc6"]
[ECO "B23"]
[Time "18:04:37"]
[TimeControl "2700+45"]

1. e4 c5 2. Nc3 Nc6 3. d3 d6 4. Be3 Nf6 5. h3 Qb6 6. Rb1 Qa5 7. g3 Be6 8. a3 g6
9. Qd2 Nd4 10. Bg2 Bg7 11. Nge2 Nc6 12. O-O O-O-O 13. b4 cxb4 14. axb4 Qc7 15.
b5 Ne5 16. b6 axb6 17. Bxb6 Qd7 18. Ra1 Kb8 19. Rfb1 Bxh3 20. Nf4 Bxg2 21. Kxg2
Rdg8 22. Ncd5 Nc4 23. dxc4 Qc6 24. Ra8+ Kxa8 25. Qa5+ Kb8 26. Qa7+ Kc8 27. Nxe7+
Kd7 28. Nxc6 {Black resigns} 1-0

[Event "Team 45 45 League T49"]
[Site "Internet Chess Club"]
[Date "2011.06.13"]
[Round "5"]
[White "Buford-Julep"]
[Black "leo6"]
[Result "0-1"]
[WhiteElo "1693"]
[BlackElo "1731"]
[Opening "Four knights game"]
[ECO "C47"]
[Time "20:02:42"]
[TimeControl "2700+45"]

1. e4 e5 2. Nf3 Nc6 3. Nc3 Nf6 4. Bd3 Bc5 5. O-O O-O 6. h3 d6 7. Na4 Bb6 8. c3
d5 9. Nxb6 axb6 10. Re1 dxe4 11. Bxe4 Nxe4 12. Rxe4 Bf5 13. Re1 e4 14. Nh2 Re8
15. f4 Re6 16. g3 Bxh3 17. Qh5 Rh6 18. Qe2 Bf5 19. g4 Be6 20. f5 Bd5 21. d3 exd3
22. Qxd3 Rxh2 23. Bf4 Rh1+ 24. Kf2 Qh4+ 25. Bg3 Rh2+ 26. Kf1 Qh3+ 27. Kg1 Qg2#
{White checkmated} 0-1

[Event "Team 45 45 League T49"]
[Site "Internet Chess Club"]
[Date "2011.06.11"]
[Round "5"]
[White "Warpdrive"]
[Black "CKNIGHT3"]
[Result "1-0"]
[WhiteElo "1630"]
[BlackElo "1588"]
[Opening "Sicilian: Canal-Sokolsky (Nimzovich-Rossolimo, Moscow) attack"]
[ECO "B51"]
[Time "20:01:37"]
[TimeControl "2700+45"]

1. e4 c5 2. Nf3 d6 3. Bb5+ Nd7 4. d4 cxd4 5. Qxd4 a6 6. Bxd7+ Bxd7 7. O-O Qc7 8.
Nc3 e6 9. Be3 Nf6 10. h3 Be7 11. e5 dxe5 12. Nxe5 O-O 13. Rad1 Rad8 14. Nxd7
Rxd7 15. Qb6 Qxb6 16. Bxb6 Nd5 17. Nxd5 exd5 18. Rd3 Rc8 19. c3 Rc6 20. Be3 Bc5
21. Rfd1 Bxe3 22. fxe3 Rcd6 23. e4 Kf8 24. Rxd5 Rxd5 25. Rxd5 Rc7 26. Kf2 Ke7
27. Ke3 Ke6 28. g4 f6 29. a4 b6 30. Kd4 Rc6 31. b4 g6 32. c4 g5 33. Rf5 Rd6+ 34.
Rd5 Rc6 35. c5 bxc5+ 36. Rxc5 Rd6+ 37. Rd5 Rb6 38. b5 a5 39. Kc5 Rb8 40. b6 Ke7
41. Kc6 Rc8+ 42. Kb7 Rc4 43. Ka7 Rc6 44. b7 Rc7 45. Ka8 Rxb7 46. Kxb7 Ke6 47.
Rxa5 Kd6 48. Ra6+ Ke5 49. Rc6 Kxe4 50. a5 {Black forfeits on time} 1-0

[Event "Team 45 45 League T49"]
[Site "Internet Chess Club"]
[Date "2011.06.12"]
[Round "5"]
[White "SirIvanhoe"]
[Black "pudge"]
[Result "1-0"]
[WhiteElo "1491"]
[BlackElo "1400"]
[Opening "Bishop's opening: Ponziani gambit"]
[ECO "C24"]
[Time "13:00:12"]
[TimeControl "2700+45"]

1. e4 e5 2. Bc4 Nf6 3. d4 d6 4. dxe5 Nxe4 5. Qd5 Qe7 6. Qxe4 dxe5 7. Nf3 f6 8.
Nc3 c6 9. Be3 g6 10. O-O-O Bf5 11. Qh4 g5 12. Qg3 h5 13. h3 h4 14. Qh2 b5 15.
Bb3 a5 16. Rhe1 Qg7 17. Bxg5 fxg5 18. Qxe5+ Qxe5 19. Rxe5+ Be7 20. Rxf5 {Black
resigns} 1-0

[Event "Team 45 45 League T49"]
[Site "Internet Chess Club"]
[Date "2011.06.12"]
[Round "5"]
[White "sdcohle"]
[Black "KyleMayhugh"]
[Result "1/2-1/2"]
[WhiteElo "1344"]
[BlackElo "1414"]
[Opening "QGD"]
[ECO "D52"]
[Time "22:01:38"]
[TimeControl "2700+45"]

1. d4 d5 2. Nf3 Nf6 3. c4 c6 4. Bg5 e6 5. e3 Nbd7 6. Nc3 Be7 7. Bd3 O-O 8. O-O
dxc4 9. Bxc4 c5 10. dxc5 Nxc5 11. Qc2 b6 12. Rad1 Qe8 13. a3 Bb7 14. b4 Nce4 15.
Bxf6 Nxc3 16. Bxe7 Nxd1 17. Bxf8 Bxf3 18. gxf3 Qxf8 19. Rxd1 Qe7 20. f4 Rc8 21.
Qb3 Qh4 22. Bf1 h6 23. Bg2 Qg4 24. Qd3 Rc3 25. Qxc3 Qxd1+ 26. Bf1 Qg4+ 27. Bg2
Qd1+ 28. Bf1 Qg4+ 29. Kh1 Qf3+ 30. Kg1 Qg4+ 31. Bg2 Qd1+ {Game drawn by
repetition} 1/2-1/2

[Event "Team 45 45 League T49"]
[Site "Internet Chess Club"]
[Date "2011.06.14"]
[Round "5"]
[White "BrianWood"]
[Black "milesotoole"]
[Result "1-0"]
[WhiteElo "1581"]
[BlackElo "1559"]
[Opening "Nimzo-Indian: three knights variation"]
[ECO "E21"]
[Time "21:14:59"]
[TimeControl "2700+45"]

1. d4 Nf6 2. c4 e6 3. Nc3 Bb4 4. Nf3 b6 5. e3 Bb7 6. Bd3 O-O 7. O-O c5 8. Bd2
cxd4 9. exd4 d5 10. cxd5 Nxd5 11. Nxd5 Bxd2 12. Nxb6 {Black resigns} 1-0

[Event "Team 45 45 League T49"]
[Site "Internet Chess Club"]
[Date "2011.06.11"]
[Round "5"]
[White "Just-Jim"]
[Black "PANAMA-REY"]
[Result "1/2-1/2"]
[WhiteElo "1396"]
[BlackElo "1393"]
[Opening "Philidor's defense"]
[ECO "C41"]
[Time "11:30:05"]
[TimeControl "2700+45"]

1. e4 e5 2. Nf3 d6 3. h3 Nd7 4. c4 Ngf6 5. d3 Be7 6. Nc3 h6 7. Nd5 Nxd5 8. cxd5
Nf6 9. Be2 a6 10. O-O O-O 11. Nh2 Bd7 12. f4 exf4 13. Bxf4 Nh7 14. Bg4 Ng5 15.
Bxd7 Qxd7 16. Bxg5 Bxg5 17. Nf3 Be7 18. Qe2 f5 19. Nd4 f4 20. Ne6 Rf7 21. Nxf4
Bf6 22. Ng6 Rb8 23. e5 dxe5 24. Nxe5 Bxe5 25. Qxe5 Re7 26. Qf5 Qd6 27. d4 Rbe8
28. Rad1 Re2 29. Qf7+ Kh8 30. Rc1 Qg3 31. Qf3 Qd6 32. Qc3 Qxd5 33. Qg3 c6 34.
Rce1 Qxd4+ 35. Kh1 Qxb2 36. Rxe2 Qxe2 37. Rf7 Qe1+ 38. Qxe1 Rxe1+ 39. Kh2 Rb1
40. a4 Kh7 41. g4 Kg6 42. Rd7 b5 43. axb5 axb5 44. Rd6+ Kf7 45. Rxc6 b4 46. h4
b3 47. Rc7+ Kg8 48. Rb7 b2 49. g5 hxg5 50. hxg5 Kh7 51. Kg2 Kg6 52. Rb5 Kf7 53.
Kf2 Kg6 54. Ke2 Kh5 55. Kd2 g6 56. Kc2 Rg1 57. Kxb2 Rxg5 58. Rb8 Rf5 59. Rh8+
Kg4 60. Kc3 g5 61. Re8 Kg3 62. Kd3 g4 63. Ke2 Kg2 64. Rc8 g3 65. Ke1 Kg1 66. Rc3
g2 67. Rg3 Kh2 68. Rg6 g1=Q+ 69. Rxg1 Kxg1 70. Ke2 Rf4 71. Ke3 Rb4 72. Kd3 Kf2
73. Kc3 Rg4 74. Kd3 Kf3 75. Kd2 Ra4 76. Kc2 Ke3 77. Kb3 Rd4 78. Kc3 Rh4 79. Kb3
Kd3 80. Kb2 Kc4 81. Kc2 Rh3 82. Kd2 Kd4 83. Ke2 Ke4 84. Kf2 Kf4 85. Kg2 Ra3 86.
Kf2 Ra2+ 87. Ke1 Kf3 88. Kd1 Ke3 89. Kc1 Kd3 90. Kb1 Rh2 91. Kc1 Kc3 92. Kd1 Kd3
93. Ke1 Ke3 94. Kf1 Kf3 95. Kg1 Rg2+ 96. Kh1 Ra2 97. Kg1 Ra1+ 98. Kh2 Kg4 99.
Kg2 Ra2+ 100. Kg1 Kg3 101. Kf1 Kf3 102. Ke1 Ke3 103. Kd1 Kd3 104. Kc1 Kc3 105.
Kb1 Kb3 106. Kc1 Rg2 107. Kd1 Kc3 108. Ke1 Kd3 109. Kf1 Ke3 110. Kxg2 {Game
drawn because neither player has mating material} 1/2-1/2

[Event "Team 45 45 League T49"]
[Site "Internet Chess Club"]
[Date "2011.06.10"]
[Round "5"]
[White "Sandia"]
[Black "Toalla"]
[Result "0-1"]
[WhiteElo "1228"]
[BlackElo "1250"]
[Opening "Sicilian"]
[ECO "B50"]
[Time "11:00:42"]
[TimeControl "2700+45"]

1. e4 c5 2. Nf3 d6 3. Bc4 Nc6 4. Nc3 g6 5. Rb1 Bg7 6. Ne2 Nf6 7. d3 a6 8. a3 b5
9. Ba2 O-O 10. O-O Bb7 11. Ng3 e6 12. Re1 Re8 13. Bg5 Qd7 14. Bxf6 Bxf6 15. Qd2
Rac8 16. Qf4 Bg7 17. Re2 Re7 18. c3 Ne5 19. Nxe5 dxe5 20. Qd2 c4 21. dxc4 bxc4
22. Rd1 Qc7 23. Qc2 Qc6 24. Red2 f5 25. Rd8+ Rxd8 26. Rxd8+ Kf7 27. f3 Qb6+ 28.
Qf2 Qxd8 29. Bxc4 Qd1+ 30. Qf1 Qxf1+ 31. Bxf1 fxe4 32. fxe4 Rd7 33. b4 Rd2 34.
a4 Bh6 35. c4 Be3+ 36. Kh1 Rb2 37. b5 axb5 38. cxb5 Ra2 39. a5 Rxa5 {White
resigns} 0-1

[Event "Team 45 45 League T49"]
[Site "Internet Chess Club"]
[Date "2011.06.13"]
[Round "5"]
[White "pudge"]
[Black "achessfool"]
[Result "1-0"]
[WhiteElo "1418"]
[BlackElo "1455"]
[Opening "Giuoco Piano: Greco's attack"]
[ECO "C54"]
[Time "20:03:37"]
[TimeControl "2700+45"]

1. e4 e5 2. Nf3 Nc6 3. Bc4 Bc5 4. c3 Nf6 5. d4 exd4 6. cxd4 Bb4+ 7. Nc3 Nxe4 8.
Qe2 Qe7 9. Bd2 Nxc3 10. Bxc3 Qxe2+ 11. Bxe2 Bxc3+ 12. bxc3 d5 13. Rb1 a6 14. O-O
O-O 15. Ne5 Nxe5 16. dxe5 b5 17. f4 Bf5 18. Rbd1 Be4 19. Bd3 Bxd3 20. Rxd3 Rad8
21. g4 c5 22. Rfd1 d4 23. cxd4 c4 24. Ra3 Ra8 25. d5 Rfd8 26. d6 Kf8 27. f5 Ke8
28. e6 fxe6 29. fxe6 a5 30. Rf3 Ra6 31. e7 Rd7 32. Rf8# {Black checkmated} 1-0

[Event "Team 45 45 League T49"]
[Site "Internet Chess Club"]
[Date "2011.06.12"]
[Round "5"]
[White "Morphys-GGS"]
[Black "tworivers"]
[Result "1-0"]
[WhiteElo "1482"]
[BlackElo "1436"]
[Opening "Pirc: Holmov system"]
[ECO "B07"]
[Time "13:00:08"]
[TimeControl "2700+45"]

1. e4 d6 2. d4 Nf6 3. Nc3 g6 4. Bc4 Nxe4 5. Bxf7+ Kxf7 6. Nxe4 Qe8 7. Qf3+ Kg8
8. Qb3+ Qf7 9. Qxf7+ Kxf7 10. Be3 Bg7 11. c3 Rf8 12. Ne2 Bf5 13. N4g3 Kg8 14.
Nxf5 gxf5 15. Nf4 Rf6 16. Nd5 Nd7 17. Nxf6+ Nxf6 18. f3 Nd5 19. Bf2 Nf4 20. O-O
e5 21. dxe5 Bxe5 22. Rad1 c5 23. Be3 Re8 24. Bxf4 Bxf4 25. Rfe1 Re5 26. Rxe5
Bxe5 27. g3 f4 28. g4 h6 29. Kf2 Kf7 30. Rc1 b5 31. b3 Kf6 32. Ke2 Kg5 33. Kd3
Kh4 34. Ke4 Kh3 35. Rc2 Kh4 36. c4 b4 37. Kf5 Bd4 38. Kxf4 Kh3 39. Kf5 Bg1 40.
Kg6 Bxh2 41. Kxh6 Bf4+ 42. Kg6 Kh4 43. Kf5 Kg3 44. Re2 Kxf3 45. Re7 Bc1 46. Rxa7
Bb2 47. g5 Ke3 48. Ke6 Bc1 49. g6 Bb2 50. Kxd6 Bg7 51. Rxg7 {Black resigns} 1-0

[Event "Team 45 45 League T49"]
[Site "Internet Chess Club"]
[Date "2011.06.10"]
[Round "5"]
[White "TheronUAL"]
[Black "medsurg"]
[Result "0-1"]
[WhiteElo "1491"]
[BlackElo "1334"]
[Opening "French: exchange variation"]
[ECO "C01"]
[Time "23:00:29"]
[TimeControl "2700+45"]

1. e4 e6 2. d4 d5 3. exd5 exd5 4. c4 Bb4+ 5. Nc3 Nf6 6. Bd2 O-O 7. Nf3 Re8+ 8.
Be2 dxc4 9. O-O Bxc3 10. bxc3 b5 11. Bg5 Bb7 12. Re1 Nbd7 13. Rb1 a6 14. a4 h6
15. Bh4 c6 16. axb5 cxb5 17. Bxc4 Bxf3 18. Rxe8+ Qxe8 19. Qxf3 bxc4 20. h3 Qe4
21. Ra1 Qxf3 22. gxf3 Nd5 23. Ra3 a5 24. Bg3 a4 25. Bd6 Ra6 26. Bg3 g5 27. Kf1
f5 28. h4 f4 29. Bh2 N7b6 30. h5 Ra8 31. Ke2 Nc8 32. Kd2 Nd6 33. Kc2 Nb5 34. Ra1
Nbxc3 {White resigns} 0-1